 Dungeon Sprint DCSS version 0.22.1-2-g9c5b331383 (webtiles) character file.

186 Groucho the Shield-Bearer (level 5, 0/52 HPs)
             Began as a Deep Dwarf Fighter on Jan 5, 2019.
             Was an Elder of Cheibriados.
             Killed by divine providence
             ... invoked by an orc priest
              (15 damage)
             ... in the Dungeon (Sprint VII: "The Pits").
             The game lasted 00:01:31 (601 turns).

Groucho the Shield-Bearer (Deep Dwarf Fighter)       Turns: 601, Time: 00:01:31

Health: 0/52       AC: 13    Str: 28    XL:     5   Next: 38%
Magic:  7/9        EV:  7    Int: 18    God:    Cheibriados [****..]
Gold:   0          SH: 12    Dex: 22    Spells: 4/4 levels left

rFire    . . .     SeeInvis .   a - +0 war axe
rCold    . . .     Gourm    .   c - +0 shield
rNeg     . . .     Faith    .   g - +3 chain mail
rPois    .         Spirit   .   (no helmet)
rElec    .         Reflect  .   (no cloak)
rCorr    .         Harm     .   (no gloves)
MR       .....     NoTele   +   (no boots)
Stlth    ..........             (no amulet)
HPRegen  0.00/turn              (no ring)
MPRegen  0.11/turn              (no ring)

@: non-regenerating, very slow
A: damage resistance, heal wounds, sense surroundings 1, no regeneration
a: Heal Wounds, Bend Time, Temporal Distortion, Slouch, Renounce Religion


You were in the Dungeon.
You worshipped Cheibriados.
Cheibriados was greatly pleased with you.
You were not hungry.

You visited 1 branch

Inventory:

Hand Weapons
 a - a +0 war axe (weapon)
 l - a +2 mace
Missiles
 q - 12 stones (quivered)
Armour
 c - a +0 shield (worn)
 g - a +3 chain mail (worn)
Scrolls
 k - a scroll of blinking
 n - 3 scrolls of remove curse
 o - 5 scrolls of amnesia
 p - a scroll of summoning
Potions
 d - 5 potions of heal wounds
 e - 6 potions of curing
 h - a potion of haste
 i - 4 potions of magic
 j - 3 potions of berserk rage
 m - a potion of invisibility
Comestibles
 f - 9 rations


   Skills:
 + Level 5.3 Fighting
 + Level 5.8 Axes
 + Level 6.4 Armour
 + Level 6.4 Shields
 + Level 6.0 Invocations


You had 4 spell levels left.
You didn't know any spells.
Your spell library was empty.

Dungeon Overview and Level Annotations

Branches:
Dungeon (1/1)

Altars:
Ashenzari
Cheibriados
Dithmenos
Elyvilon
Fedhas
Gozag
Hepliaklqana
Kikubaaqudgha
Makhleb
Nemelex Xobeh
Okawaru
Qazlal
Ru
Sif Muna
Trog
Uskayaw
Vehumet
Wu Jian
Xom
Yredelemnul
Zin
The Shining One
Beogh
Jiyva
Lugonu


Innate Abilities, Weirdness & Mutations

You are resistant to damage.
You can heal yourself by infusing magical energy.
You passively map a small area around you.
You do not regenerate.


Message History

The bullfrog hits you but does no damage.
Unknown command.
You closely miss the hound.
The hound is almost dead.
You slash the bullfrog!
You kill the bullfrog!
Cheibriados thoroughly appreciates the change of pace.
You can now inflict damage on those overly hasty.
Cheibriados raises the support of your attributes as your movement slows.
Your Fighting skill increases to level 5!
Your Armour skill increases to level 6!
Your Shields skill increases to level 6!
Your Invocations skill increases to level 6!
You have reached level 5!
The hound bites you but does no damage.
A sky beast comes into view.
The hound barely misses you.
The orc priest mumbles some strange prayers to Beogh against you.
Beogh smites you!
You die...

#.#[[#...).##.....
#.#))#####)#####'#
#.#))#...).##.....
#.#))#.....##.....
#.#..###'####.....
#.##'#.....##...<.
#.#........##.....
#.#........##.....
#@###########.....
#hoo....#, *######
#o###Y..# * #o# .#
,, ,* #o# * , #o.
, ,*, , #..,* * ,
#.. , + ,, *


You could see a sky beast (wandering), a hound, 2 orc priests, an orc wizard and
3 orcs.

Vanquished Creatures
  A warg (D)
  A bullfrog (D)
  2 orcs (D)
  A bat (D)
  A hobgoblin (D)
  3 jackals (D)
  A quokka (D)
  A frilled lizard (D)
  A kobold (D)
12 creatures vanquished.

Notes
Turn   | Place    | Note
-------+----------+-------------------------------------------
     0 | D        | Groucho the Deep Dwarf Fighter began the quest for the Orb.
     0 | D        | Reached XP level 1. HP: 20/20 MP: 1/1
    46 | D        | Found a bloodstained altar of Trog.
    46 | D        | Found a deep blue altar of Sif Muna.
    46 | D        | Found a viscous altar of Jiyva.
    46 | D        | Found a hazy altar of Hepliaklqana.
    46 | D        | Found an opulent altar of Gozag.
    47 | D        | Found a glowing golden altar of the Shining One.
    47 | D        | Found a glowing silver altar of Zin.
    47 | D        | Found a basalt altar of Yredelemnul.
    47 | D        | Found a shimmering altar of Xom.
    47 | D        | Found an ornate altar of the Wu Jian Council.
    47 | D        | Found a sacrificial altar of Ru.
    47 | D        | Found a stormy altar of Qazlal.
    47 | D        | Found an iron altar of Okawaru.
    47 | D        | Found a sparkling altar of Nemelex Xobeh.
    47 | D        | Found a burning altar of Makhleb.
    47 | D        | Found a blossoming altar of Fedhas.
    47 | D        | Found a white marble altar of Elyvilon.
    47 | D        | Found a shadowy altar of Dithmenos.
    47 | D        | Found a snail-covered altar of Cheibriados.
    50 | D        | Found a corrupted altar of Lugonu.
    50 | D        | Found a radiant altar of Vehumet.
    50 | D        | Found a roughly hewn altar of Beogh.
    51 | D        | Found an ancient bone altar of Kikubaaqudgha.
    51 | D        | Found a hide-covered altar of Uskayaw.
    51 | D        | Found a shattered altar of Ashenzari.
    60 | D        | Became a worshipper of Cheibriados the Contemplative
    85 | D        | Reached * piety under Cheibriados
    90 | D        | Reached skill level 1 in Invocations
    90 | D        | Reached XP level 2. HP: 26/28 MP: 2/2
   193 | D        | Noticed a warg
   209 | D        | Killed a warg
   209 | D        | Reached ** piety under Cheibriados
   209 | D        | Reached skill level 5 in Axes
   209 | D        | Reached skill level 5 in Armour
   209 | D        | Reached skill level 5 in Shields
   209 | D        | Reached XP level 3. HP: 22/37 MP: 2/6
   209 | D        | Reached XP level 4. HP: 26/45 MP: 2/7
   214 | D        | Reached *** piety under Cheibriados
   214 | D        | Reached skill level 5 in Invocations
   595 | D        | Noticed a bullfrog
   601 | D        | Killed a bullfrog
   601 | D        | Reached **** piety under Cheibriados
   601 | D        | Reached skill level 5 in Fighting
   601 | D        | Reached XP level 5. HP: 15/52 MP: 7/9
   601 | D        | Noticed a sky beast
   601 | D        | Killed from afar by an orc priest

Skill      XL: |  1  2  3  4 |
---------------+-------------+-----
Fighting       | 3 4 5 |  5.3
Axes           | 3 5 |  5.8
Invocations    | 1 4 6 |  6.0
Armour         | 5 6 |  6.4
Shields        | 5 6 |  6.4

Action                   |  1- 3 |  4- 6 || total
-------------------------+-------+-------++-------
Melee: War axe           |    18 |    16 ||    34
  Use: Potion            |     3 |       ||     3
 Stab: Invisible         |       |     1 ||     1
Armor: Scale mail        |     6 |       ||     6
       Chain mail        |       |     7 ||     7
Dodge: Dodged            |     8 |     7 ||    15
Block: Shield            |    10 |    12 ||    22
